[Event "CZE Extraliga 2019-20"]
[Site "Czech Republic"]
[Date "2020.01.25"]
[Round "5.6"]
[White "Mrazek, Lumir"]
[Black "Kislinsky, Alexey"]
[Result "1-0"]
[ECO "B20"]
[WhiteElo "2303"]
[BlackElo "2436"]
[Annotator "NA RC"]
[PlyCount "133"]
[EventDate "2019.09.15"]
[EventType "team-tourn"]
[EventCountry "CZE"]
[SourceTitle "playchess.com"]
[Source "ChessBase"]
[SourceQuality "1"]
[TimeControl "40/5400+30:1800+30"]

1. e4 c5 2. b3 Nc6 3. Bb2 Nf6 4. e5 Nd5 5. Nf3 g6 6. Bc4 Nb6 $11 7. h4 Nxc4 8. bxc4 Qb6 9. Bc3 Nd4 10. Na3 Bg7 11. Rb1 Qc6 12. Bxd4 cxd4 13. Qe2 O-O 14. Nb5 d6 15. Nbxd4 Qc5 16. Rb5 Qc7 17. exd6 Qxd6 18. O-O b6 19. Rd5 Qf6 20. Re1 e6 21. Rg5 Bb7 22. c5 h6 23. Re5 bxc5 24. Rxc5 Rac8 25. Rxc8 Rxc8 26. c3 Rc5 27. Rb1 Qe7 28. Rb5 Rc7 29. h5 a6 30. Rxb7 Rxb7 31. hxg6 Rb1+ 32. Kh2 Qd6+ 33. g3 Qd5 34. gxf7+ Kxf7 35. Qd3 Ra1 36. c4 Qb7 37. Qh7 Kf6 38. Qg8 Qf7 39. Qa8 Rxa2 40. Qe4 Ke7 41. Qb7+ Kf6 42. Qb3 Qh5+ 43. Nh4 Rxd2 44. Qe3 Rxd4 45. Qxd4+ Qe5 46. Qd8+ Kf7 47. Qd7+ Kf6 48. Qe8 Qd4 49. Kg1 a5 50. c5 a4 51. c6 a3 52. c7 a2 53. Qg6+ Ke7 54. c8=Q a1=Q+ 55. Kg2 Qd5+ 56. Nf3 Qd7 57. Qc5+ Qd6 58. Qa7+ Qd7 59. Qc5+ Qd6 60. Qch5 Qd5 61. Qe8+ Kd6 62. Qhf7 Kc5 63. Qc7+ Kb4 64. Qee7+ Kb3 65. Qxg7 Qxg7 66. Qxg7 h5 67. Qe5 1-0

[Event "CZE Extraliga 2019-20"]
[Site "Czech Republic"]
[Date "2020.01.25"]
[Round "5.7"]
[White "Kriebel, Tadeas"]
[Black "Hollan, Petr"]
[Result "1-0"]
[ECO "E70"]
[WhiteElo "2536"]
[BlackElo "2301"]
[Annotator "ChessBase"]
[PlyCount "133"]
[EventDate "2019.09.15"]
[EventType "team-tourn"]
[EventCountry "CZE"]
[SourceTitle "playchess.com"]
[Source "ChessBase"]
[SourceQuality "1"]
[TimeControl "40/5400+30:1800+30"]

1. d4 Nf6 2. c4 c5 3. d5 g6 4. Nc3 Bg7 5. e4 d6 6. Bd3 O-O 7. Nge2 e6 8. O-O Na6 9. h3 Nc7 10. dxe6 fxe6 11. f4 Kh8 12. Be3 b6 13. e5 dxe5 14. fxe5 Nd7 15. Rxf8+ Qxf8 16. Be4 Rb8 17. Qd2 Nxe5 18. Rf1 Qe8 19. Bh6 Nf7 20. Bxg7+ Kxg7 21. Qf4 Qe7 22. Nb5 Na6 23. Qg3 e5 24. Nec3 Be6 25. Nd5 Bxd5 26. Bxd5 Rf8 27. Re1 Nb4 28. Bxf7 Rxf7 29. Rxe5 Qf6 30. Re1 Nd3 31. Nd6 Qd4+ 32. Re3 Nxb2 33. Kh2 Nxc4 34. Rd3 Qf4 35. Nxf7 Qxf7 36. Qg5 Qc7+ 37. Kh1 Qf7 38. Qc1 h6 39. Qa1+ Kh7 40. Rd8 Qg7 41. Qe1 Ne5 42. Rd5 Nd7 43. Qe6 Nf8 44. Qe2 h5 45. Re5 Kg8 46. Re7 Qa1+ 47. Kh2 Qd4 48. Rxa7 Qf4+ 49. g3 Qd6 50. h4 Ne6 51. Qf2 Nd8 52. a4 g5 53. hxg5 h4 54. Qf5 Qxg3+ 55. Kh1 Qe1+ 56. Kg2 h3+ 57. Kh2 Qe2+ 58. Kxh3 Qe3+ 59. Kg2 Qe2+ 60. Kg3 Qe3+ 61. Qf3 Qe1+ 62. Kh3 Qe6+ 63. Kh4 Qe1+ 64. Kh5 Qe8+ 65. Kh6 Qe6+ 66. g6 Qe5 67. Qb3+ 1-0

[Event "CZE Extraliga 2019-20"]
[Site "Czech Republic"]
[Date "2020.01.25"]
[Round "5.7"]
[White "Cerveny, Martin"]
[Black "Vlasak, Lukas"]
[Result "1-0"]
[ECO "D36"]
[WhiteElo "2350"]
[BlackElo "2423"]
[Annotator "NA"]
[PlyCount "163"]
[EventDate "2019.09.15"]
[EventType "team-tourn"]
[EventCountry "CZE"]
[SourceTitle "playchess.com"]
[Source "ChessBase"]
[SourceQuality "1"]
[TimeControl "40/5400+30:1800+30"]

1. d4 Nf6 2. c4 e6 3. Nc3 d5 4. cxd5 exd5 5. Bg5 c6 6. e3 Be7 7. Bd3 Nbd7 8. Qc2 h6 9. Bh4 Nh5 10. Bxe7 Qxe7 11. Nf3 Nb6 12. O-O O-O 13. Rae1 Nf6 14. Ne5 Ng4 $14 15. f4 Nxe5 16. fxe5 Be6 17. Ne2 c5 18. Nf4 c4 19. Bh7+ Kh8 20. Bf5 Bxf5 21. Qxf5 Qg5 22. Qh3 Rac8 23. Rf3 Rc6 24. Ref1 Rg8 25. Nh5 c3 26. bxc3 Qg6 27. Rxf7 Nc4 28. R7f5 Nd2 29. Rc1 Ne4 30. Nf4 Qe8 31. Nxd5 Qe6 32. c4 b5 33. Nf4 Qc8 34. c5 Qa6 35. e6 Qxa2 36. Rf7 Qf2+ 37. Kh1 Rxe6 38. Qf3 Qd2 39. Rf1 Ng5 40. Qd5 Rxe3 41. Rf8 Rxf8 42. Ng6+ Kh7 43. Nxf8+ Kh8 44. Qf5 Qd3 45. h4 Qxf5 46. Rxf5 Ne4 47. Re5 b4 48. c6 b3 49. c7 Nf2+ 50. Kg1 b2 51. Rb5 Ng4 52. Kf1 Nh2+ 53. Kg1 Ng4 54. g3 Rxg3+ 55. Kh1 Rh3+ 56. Kg2 Rc3 57. Ng6+ Kh7 58. h5 Ne3+ 59. Kf2 Ng4+ 60. Ke2 Rc2+ 61. Kf3 Nf6 62. Rb8 Rc3+ 63. Ke2 Nxh5 64. Nf8+ Kg8 65. Ne6+ Kf7 66. Nc5 Ng3+ 67. Kf2 Ne4+ 68. Kg2 Rc2+ 69. Kf3 Nd6 70. Ke3 Ke7 71. Kd3 Rf2 72. Ne4 Rf3+ 73. Ke2 Rf8 74. Nxd6 Kxd6 75. Rxf8 b1=Q 76. c8=Q Qe4+ 77. Kf1 Qh1+ 78. Kf2 Qh4+ 79. Kg2 Qg5+ 80. Kf3 Qh5+ 81. Qg4 Qh1+ 82. Kf2 1-0

[Event "CZE Extraliga 2019-20"]
[Site "Czech Republic"]
[Date "2020.01.25"]
[Round "5.8"]
[White "Studnicka, Tomas"]
[Black "Chytilek, Roman"]
[Result "1-0"]
[ECO "B07"]
[WhiteElo "2341"]
[BlackElo "2330"]
[Annotator "NA"]
[PlyCount "137"]
[EventDate "2019.09.15"]
[EventType "team-tourn"]
[EventCountry "CZE"]
[SourceTitle "playchess.com"]
[Source "ChessBase"]
[SourceQuality "1"]
[TimeControl "40/5400+30:1800+30"]

1. d4 Nf6 2. Bf4 d6 3. Nc3 c6 4. e4 Qa5 5. Bd3 e5 6. dxe5 dxe5 7. Bg5 Be7 8. Qd2 h6 9. Be3 Ng4 10. Nge2 Nd7 11. O-O $15 Nxe3 12. Qxe3 Qb6 13. Qg3 O-O 14. Rab1 Qd8 15. a4 a6 16. Ra1 b6 17. Bc4 Rb8 18. Nd1 b5 19. axb5 axb5 20. Ba2 Bc5 21. Nc1 Qg5 22. Nd3 Qxg3 23. hxg3 Bd6 24. Ne3 Nc5 25. Nxc5 Bxc5 26. Rfe1 Rd8 27. Rad1 Rxd1 28. Rxd1 Be7 29. Bb3 g6 30. f3 h5 31. Kf2 Kf8 32. Ke2 Ke8 33. Rh1 Bf6 34. Ra1 Ke7 35. Ra7+ Rb7 36. Ra8 Bd7 37. Nd1 Be8 38. Nf2 Rd7 39. Nd3 Rd8 40. Ra6 Kd6 41. f4 exf4 42. gxf4 Bd4 43. c3 Bg1 44. Ne5 f6 45. Nf3 Bc5 46. Bc2 Kc7 47. e5 Kb7 48. Ra1 fxe5 49. Nxe5 Rd6 50. b4 Bb6 51. Kf3 Rf6 52. g4 hxg4+ 53. Kxg4 Rd6 54. Rh1 Rd2 55. Rh7+ Ka6 56. Be4 Re2 57. Bf3 Rd2 58. Re7 Rd8 59. Be4 Be3 60. Kf3 Bg1 61. Re6 Kb6 62. Bxg6 Bd7 63. Nxd7+ Rxd7 64. Be4 Rd2 65. Rxc6+ Ka7 66. f5 Rf2+ 67. Kg4 Bh2 68. Kg5 Be5 69. f6 1-0

[Event "CZE Extraliga 2019-20"]
[Site "Czech Republic"]
[Date "2020.01.25"]
[Round "5.8"]
[White "Balacek, Tadeas"]
[Black "Vesselovsky, Serguei"]
[Result "*"]
[ECO "C13"]
[WhiteElo "2331"]
[BlackElo "2306"]
[Annotator "RC"]
[PlyCount "20"]
[EventDate "2019.09.15"]
[EventType "team-tourn"]
[EventCountry "CZE"]
[SourceTitle "playchess.com"]
[Source "ChessBase"]
[SourceQuality "1"]
[TimeControl "40/5400+30:1800+30"]

1. e4 e6 2. d4 d5 3. Nc3 Nf6 4. Bg5 Be7 5. e5 Nfd7 6. Bxe7 Qxe7 7. f4 a6 8. Nf3 c5 9. Qd2 Nc6 10. dxc5 Nxc5 *

[Event "CZE Extraliga 2019-20"]
[Site "Czech Republic"]
[Date "2020.01.25"]
[Round "5.8"]
[White "Bulockin, Martin"]
[Black "Vymazal, Bronislav"]
[Result "1-0"]
[ECO "B49"]
[WhiteElo "2104"]
[BlackElo "2347"]
[Annotator "NA"]
[PlyCount "121"]
[EventDate "2019.09.15"]
[EventType "team-tourn"]
[EventCountry "CZE"]
[SourceTitle "playchess.com"]
[Source "ChessBase"]
[SourceQuality "1"]
[TimeControl "40/5400+30:1800+30"]

1. e4 c5 2. Nf3 e6 3. d4 cxd4 4. Nxd4 Nc6 5. Nc3 Qc7 6. Be3 a6 7. Be2 Nf6 8. O-O b5 $14 9. Nxc6 dxc6 10. a3 e5 11. Bg5 Be7 12. Qd2 O-O 13. Rfd1 Be6 14. Qe3 a5 15. h3 Rfd8 16. Rxd8+ Rxd8 17. Rd1 Rxd1+ 18. Nxd1 a4 19. Nc3 h6 20. Bh4 g5 21. Bg3 Kg7 22. Nb1 Nd7 23. Qc3 Bc5 24. Nd2 Qd6 25. Nf3 f6 26. Qd2 Qxd2 27. Nxd2 Nb6 28. c3 Kf7 29. Kf1 Ke7 30. Ke1 Kd6 31. h4 Nd7 32. Nf3 Bb6 33. Kd1 Nc5 34. Nd2 Nb3 35. Nxb3 axb3 36. Kd2 Bc5 37. Bd3 Kc7 38. hxg5 hxg5 39. f3 Kb6 40. Ke2 Ka5 41. Bf2 Be7 42. Kd2 Ka4 43. Kc1 g4 44. Bh4 Ka5 45. Bf2 gxf3 46. gxf3 Ka6 47. a4 Bc4 48. axb5+ Kxb5 49. Kd2 c5 50. Be3 Bxd3 51. Kxd3 c4+ 52. Ke2 Kc6 53. Kf2 Kd7 54. Kg3 Ke6 55. Kg4 Ba3 56. Bc1 Bc5 57. f4 exf4 58. Kxf4 Bf2 59. Bd2 Bh4 60. Kg4 Bg5 61. Bf4 1-0

[Event "CZE Extraliga 2019-20"]
[Site "Czech Republic"]
[Date "2020.01.26"]
[Round "6"]
[White "Markowski, Tomasz"]
[Black "Miesbauer, Jan"]
[Result "1/2-1/2"]
[ECO "A00"]
[WhiteElo "2554"]
[BlackElo "2397"]
[Annotator "ChessBase"]
[PlyCount "120"]
[EventDate "2019.09.15"]
[EventType "team-tourn"]
[EventCountry "CZE"]
[SourceTitle "playchess.com"]
[Source "ChessBase"]
[SourceQuality "1"]
[TimeControl "40/5400+30:1800+30"]

1. g3 g6 2. Bg2 Bg7 3. c4 Nf6 4. Nc3 O-O 5. d3 c6 6. e4 e5 7. Nge2 a6 8. O-O b5 9. h3 d6 10. Be3 Nbd7 11. a3 Bb7 12. Qc2 Re8 13. Rad1 Rc8 14. Qb1 h5 15. b4 Nf8 16. Qa2 h4 17. g4 Ne6 18. d4 exd4 19. Nxd4 Qe7 20. Nde2 Nd7 21. a4 bxc4 22. Qxc4 Ne5 23. Qb3 g5 24. f4 gxf4 25. Nxf4 Nxf4 26. Bxf4 Rcd8 27. Be3 Bc8 28. Ne2 Be6 29. Qc2 Rb8 30. Nd4 c5 31. bxc5 Nc4 32. Bf2 Rb2 33. Qc1 dxc5 34. Nxe6 Qxe6 35. Rd5 Ne5 36. Qxc5 Rc8 37. Qe3 Rcc2 38. Qg5 Qf6 39. Qf5 Nc4 40. Qc8+ Bf8 41. Rd8 Rxf2 42. Rxf8+ Kh7 43. Rh8+ Qxh8 44. Qxh8+ Kxh8 45. Rxf2 Rxf2 46. Kxf2 Nb6 47. a5 Nc4 48. e5 Kg7 49. Bd5 Nxe5 50. Ke3 Kg6 51. Kd4 Kf6 52. Bb7 Ke6 53. Kc5 Nd7+ 54. Kc6 Ne5+ 55. Kb6 Nc4+ 56. Kxa6 f6 57. Kb5 Nxa5 58. Kxa5 Ke5 59. Kb5 f5 60. Bg2 Kf4 1/2-1/2

[Event "CZE Extraliga 2019-20"]
[Site "Czech Republic"]
[Date "2020.01.26"]
[Round "6"]
[White "Cvek, Robert"]
[Black "Sergeev, Vladimir"]
[Result "1/2-1/2"]
[ECO "A05"]
[WhiteElo "2517"]
[BlackElo "2399"]
[Annotator "ChessBase"]
[PlyCount "94"]
[EventDate "2019.09.15"]
[EventType "team-tourn"]
[EventCountry "CZE"]
[SourceTitle "playchess.com"]
[Source "ChessBase"]
[SourceQuality "1"]
[TimeControl "40/5400+30:1800+30"]

1. Nf3 Nf6 2. c4 c5 3. Nc3 g6 4. g3 Nc6 5. d4 cxd4 6. Nxd4 d6 7. Bg2 Bd7 8. O-O Bg7 9. b3 O-O 10. Bb2 Qa5 11. e3 Rfc8 12. Qd2 a6 13. Rfd1 Rab8 14. Nd5 Qxd2 15. Nxf6+ Bxf6 16. Rxd2 Nxd4 17. Bxd4 Bxd4 18. exd4 Bf5 19. Rc1 Rc7 20. b4 b6 21. h3 Rbc8 22. Bf1 h5 23. f3 g5 24. g4 hxg4 25. hxg4 Bg6 26. Rc3 Kg7 27. Rd1 f6 28. Rdc1 a5 29. bxa5 bxa5 30. c5 dxc5 31. Rxc5 Rxc5 32. dxc5 Be8 33. Bd3 Bc6 34. Kf2 Bd5 35. a4 Kf7 36. Ke3 Rc7 37. Be4 Bb3 38. Kd4 e5+ 39. Ke3 Ke6 40. Rb1 Bxa4 41. Ra1 Bb5 42. Rxa5 Rxc5 43. Bd3 Bxd3 44. Rxc5 Bg6 45. Rc6+ Ke7 46. Rc7+ Ke6 47. Rc6+ Ke7 {[%emt 0:00:05] Ke4} 1/2-1/2

[Event "CZE Extraliga 2019-20"]
[Site "Czech Republic"]
[Date "2020.01.26"]
[Round "6"]
[White "DPP5 Frolov Artur IM"]
[Black "POR5 Jakubowski Krzysztof GM"]
[Result "1-0"]
[ECO "B95"]
[WhiteElo "2425"]
[BlackElo "2509"]
[Annotator "ChessBase"]
[PlyCount "43"]
[EventDate "2019.09.15"]
[EventType "team-tourn"]
[EventCountry "CZE"]
[SourceTitle "playchess.com"]
[Source "ChessBase"]
[SourceQuality "1"]
[TimeControl "40/5400+30:1800+30"]

1. e4 c5 2. Nf3 d6 3. d4 cxd4 4. Nxd4 Nf6 5. Nc3 a6 6. Bg5 e6 7. Qe2 b5 8. O-O-O Qc7 9. f4 b4 10. Nd5 exd5 11. exd5+ Be7 12. Bxf6 gxf6 13. Qh5 f5 14. Bd3 Bf6 15. Rhe1+ Kd8 16. Bxf5 Ra7 17. Qh6 Be7 18. Qg7 Rf8 19. Bxc8 Qc4 20. Rxe7 Rxe7 21. Qxf8+ Re8 22. Qxf7 1-0

[Event "CZE Extraliga 2019-20"]
[Site "Czech Republic"]
[Date "2020.01.26"]
[Round "6"]
[White "Kanovsky, David"]
[Black "Hausner, Ivan"]
[Result "1/2-1/2"]
[ECO "B67"]
[WhiteElo "2424"]
[BlackElo "2382"]
[Annotator "NA"]
[PlyCount "99"]
[EventDate "2019.09.15"]
[EventType "team-tourn"]
[EventCountry "CZE"]
[SourceTitle "playchess.com"]
[Source "ChessBase"]
[SourceQuality "1"]
[TimeControl "40/5400+30:1800+30"]

1. e4 c5 2. Nf3 d6 3. d4 cxd4 4. Nxd4 Nf6 5. Nc3 Nc6 6. Bg5 a6 7. Qd2 Bd7 8. O-O-O e6 9. f3 Be7 10. h4 h5 {[%emt 0:00:05] B67: Sicilian: Richter-Rauzer: 7...a6 8 0-0-0 Bd7, lines without 9 f4 Be7} 11. Kb1 Qc7 12. Nb3 $146 ({Predecessor:} 12. f4 b5 13. a3 b4 14. axb4 Nxb4 15. Nb3 Bc6 16. Bd3 O-O 17. Qe2 {0-1 (57) Klein,D (2492)-Bacrot,E (2684) chess.com INT 2019}) 12... Ne5 13. Be2 b5 14. f4 b4 (14... Nc4 $14 15. Bxc4 bxc4) 15. fxe5 bxc3 16. exd6 cxd2 17. dxc7 Nxe4 {[%emt 0:07:08] [#]} (17... Bd6 $16 {was called for.}) 18. Bf3 $1 ({Less strong is} 18. Nxd2 Nf2 $14) 18... f5 19. Nxd2 (19. Bf4 $18) 19... Bxg5 20. hxg5 Bc6 $2 (20... Rc8 $16) 21. Rhe1 Nxd2+ 22. Rxd2 Bxf3 23. gxf3 Kf7 24. f4 h4 25. b3 h3 26. Red1 h2 27. Rh1 Rac8 28. Rhxh2 Rxh2 29. Rxh2 Rxc7 30. Rd2 $14 (30. c4 $16) 30... Kg6 31. Rd6 Kh5 32. Rxa6 e5 33. fxe5 f4 34. Kc1 f3 35. Ra8 Rf7 36. e6 f2 37. exf7 f1=Q+ 38. Kb2 Qxf7 39. Ra5 Qf2 40. b4 Qd4+ 41. Kb3 Qa1 42. Rc5 Qb1+ 43. Ka4 Qxa2+ 44. Kb5 Qa7 45. c4 Qb7+ 46. Ka4 Qa8+ 47. Kb3 Qf3+ 48. Ka4 Qa8+ 49. Kb3 Qf3+ 50. Ka4 1/2-1/2

[Event "CZE Extraliga 2019-20"]
[Site "Czech Republic"]
[Date "2020.01.26"]
[Round "6"]
[White "Kourousis, Epaminondas"]
[Black "Bures, Jaroslav"]
[Result "1/2-1/2"]
[ECO "A06"]
[WhiteElo "2389"]
[BlackElo "2388"]
[Annotator "NA"]
[PlyCount "140"]
[EventDate "2019.09.15"]
[EventType "team-tourn"]
[EventCountry "CZE"]
[SourceTitle "playchess.com"]
[Source "ChessBase"]
[SourceQuality "1"]
[TimeControl "40/5400+30:1800+30"]

1. Nf3 d5 2. g3 g6 3. Bg2 Bg7 4. c4 dxc4 5. Na3 Be6 6. Qc2 Nc6 7. Nxc4 Nh6 8. O-O O-O 9. Ne3 Qd7 10. Ng5 Nd4 $11 11. Qd3 Rfd8 12. Re1 Qa4 13. Nxe6 fxe6 14. Qb1 Nhf5 15. d3 Qb4 16. Kf1 Nxe3+ 17. Bxe3 Nf5 18. Bc1 c5 19. a3 Qb6 20. Qa2 Nd4 21. Rb1 Nb3 22. Bf4 Rd4 23. Be3 Ra4 24. Rbd1 Rd8 25. Qb1 Ra5 26. Qc2 Rb5 27. Kg1 Nd4 28. Bxd4 Bxd4 29. Rb1 Bxb2 30. e3 Bxa3 31. Rxb5 Qxb5 32. Qa2 Qxd3 33. Qxe6+ Kf8 34. Bxb7 Bb4 35. Rc1 Qf5 36. Qxf5+ gxf5 37. Ba6 e6 38. Rc2 Ke7 39. Kf1 Rd1+ 40. Ke2 Ra1 41. Bc4 a5 42. f4 a4 43. Kf3 a3 44. e4 fxe4+ 45. Kxe4 Rd1 46. Kf3 Rd4 47. Ba2 Kd6 48. Ke3 Ba5 49. Ke2 h6 50. Ke3 Rd1 51. Kf3 Rd3+ 52. Ke2 Rd4 53. Ke3 Bb4 54. Ke2 e5 55. fxe5+ Kxe5 56. Ke3 Rd1 57. Re2 Bc3 58. Bb3 Rd6 59. Kf3+ Kf6 60. Ba2 Bd2 61. Re4 Rb6 62. Ra4 Bb4 63. Ke4 Rd6 64. Bd5 Kg5 65. h3 Kf6 66. Ra7 Rd8 67. Ra6+ Kg7 68. Ra7+ Kf6 69. Ra6+ Kg7 70. Ra7+ Kf6 1/2-1/2

[Event "CZE Extraliga 2019-20"]
[Site "Czech Republic"]
[Date "2020.01.26"]
[Round "6"]
[White "Caletka, Radomir"]
[Black "Kulhanek, Tomas"]
[Result "1/2-1/2"]
[ECO "A46"]
[WhiteElo "2305"]
[BlackElo "2343"]
[Annotator "NA"]
[PlyCount "28"]
[EventDate "2019.09.15"]
[EventType "team-tourn"]
[EventCountry "CZE"]
[SourceTitle "playchess.com"]
[Source "ChessBase"]
[SourceQuality "1"]
[TimeControl "40/5400+30:1800+30"]

1. d4 Nf6 2. Nf3 e6 3. g3 b5 4. Bg2 d5 5. O-O c5 6. a4 b4 7. c4 bxc3 8. bxc3 Ba6 9. Ne5 Nbd7 10. Re1 $11 Bd6 11. Nxd7 Qxd7 12. Ba3 cxd4 13. cxd4 O-O 14. Nd2 Bxa3 1/2-1/2

[Event "CZE Extraliga 2019-20"]
[Site "Czech Republic"]
[Date "2020.01.26"]
[Round "6.2"]
[White "Balogh, Csaba"]
[Black "Ftacnik, Lubomir"]
[Result "1/2-1/2"]
[ECO "B91"]
[WhiteElo "2587"]
[BlackElo "2520"]
[Annotator "ChessBase"]
[PlyCount "126"]
[EventDate "2019.09.15"]
[EventType "team-tourn"]
[EventCountry "CZE"]
[SourceTitle "playchess.com"]
[Source "ChessBase"]
[SourceQuality "1"]
[TimeControl "40/5400+30:1800+30"]

1. e4 c5 2. Nf3 d6 3. d4 cxd4 4. Nxd4 Nf6 5. Nc3 a6 6. g3 e6 7. Bg2 Be7 8. O-O O-O 9. b3 Bd7 10. Bb2 Nc6 11. Nce2 Rc8 12. c4 b5 13. cxb5 Nxd4 14. Nxd4 axb5 15. Qd2 Qb6 16. Ba3 Rfe8 17. Rfd1 Bf8 18. Bb4 h6 19. Qe3 Ng4 20. Qe2 Nf6 21. Qe3 Ng4 22. Qe2 Nf6 23. h3 Rc7 24. Rd2 Rec8 25. Rad1 Rc1 26. Qe3 Qb8 27. Qe1 Rxd1 28. Rxd1 Qa7 29. Qe2 Qb6 30. Qe3 Qb8 31. a3 Rc7 32. Rc1 Rxc1+ 33. Qxc1 Qb6 34. Qc3 Ne8 35. Bf1 Qb7 36. Qd3 Nc7 37. Ba5 d5 38. Bxc7 Qxc7 39. exd5 exd5 40. Nxb5 Bxb5 41. Qxb5 Bxa3 42. Qxd5 Bc5 43. Kg2 Qd6 44. Qa8+ Qf8 45. Qf3 g6 46. Bc4 Qe7 47. Qf4 Kg7 48. Qf3 Qf6 49. Qe2 Qc6+ 50. Kg1 Qd6 51. Kf1 Qd4 52. Kg2 h5 53. h4 Qf6 54. Bd5 Qd4 55. Bc4 Qf6 56. Qd2 Qd4 57. Qc2 Kf8 58. Qe2 Kg7 59. Kg1 Qa1+ 60. Kh2 Qf6 61. Kg2 Qd4 62. Qc2 Kf8 63. Qe2 Kg7 1/2-1/2

[Event "CZE Extraliga 2019-20"]
[Site "Czech Republic"]
[Date "2020.01.26"]
[Round "6.2"]
[White "Jakubiec, Artur"]
[Black "Cernousek, Lukas"]
[Result "1/2-1/2"]
[ECO "C42"]
[WhiteElo "2472"]
[BlackElo "2458"]
[Annotator "ChessBase"]
[PlyCount "30"]
[EventDate "2019.09.15"]
[EventType "team-tourn"]
[EventCountry "CZE"]
[SourceTitle "playchess.com"]
[Source "ChessBase"]
[SourceQuality "1"]
[TimeControl "40/5400+30:1800+30"]

1. e4 e5 2. Nf3 Nf6 3. d3 Nc6 4. c3 d5 5. Nbd2 a5 6. Be2 Bc5 7. O-O O-O 8. Qc2 Re8 9. h3 h6 10. Nh2 a4 11. Re1 Be6 12. Ndf1 d4 13. Ng3 Bb6 14. c4 a3 15. bxa3 Bc5 1/2-1/2

[Event "CZE Extraliga 2019-20"]
[Site "Czech Republic"]
[Date "2020.01.26"]
[Round "6.3"]
[White "KRO8 Malinovsky Karel IM"]
[Black "LYS6 Yemelin Vasily GM"]
[Result "1-0"]
[ECO "C67"]
[WhiteElo "2478"]
[BlackElo "2545"]
[Annotator "ChessBase"]
[PlyCount "57"]
[EventDate "2019.09.15"]
[EventType "team-tourn"]
[EventCountry "CZE"]
[SourceTitle "playchess.com"]
[Source "ChessBase"]
[SourceQuality "1"]
[TimeControl "40/5400+30:1800+30"]

1. e4 e5 2. Nf3 Nc6 3. Bb5 Nf6 4. O-O Nxe4 5. Re1 Nd6 6. Nxe5 Be7 7. Bf1 O-O 8. Nf3 Nf5 9. d4 d5 10. Nc3 Nh4 11. Nxh4 Bxh4 12. Ne2 Ne7 13. g3 Bf6 14. Nf4 Nf5 15. c3 c6 16. Bd3 Nd6 17. Qf3 g6 18. b3 Re8 19. Ba3 Be7 20. Re5 Bf8 21. Rae1 Bd7 22. c4 dxc4 23. bxc4 Rxe5 24. Rxe5 Qf6 25. Qe2 Nb5 26. Bb2 Nc7 27. d5 Qd6 28. Nh5 Re8 29. Nf6+ 1-0

[Event "CZE Extraliga 2019-20"]
[Site "Czech Republic"]
[Date "2020.01.26"]
[Round "6.3"]
[White "Druska, Juraj"]
[Black "Velicka, Petr"]
[Result "1/2-1/2"]
[ECO "B13"]
[WhiteElo "2460"]
[BlackElo "2420"]
[Annotator "ChessBase"]
[PlyCount "125"]
[EventDate "2019.09.15"]
[EventType "team-tourn"]
[EventCountry "CZE"]
[SourceTitle "playchess.com"]
[Source "ChessBase"]
[SourceQuality "1"]
[TimeControl "40/5400+30:1800+30"]

1. e4 c6 2. d4 d5 3. exd5 cxd5 4. Bd3 Nc6 5. c3 Nf6 6. h3 e5 7. dxe5 Nxe5 8. Qe2 Qe7 9. Bc2 Qe6 10. Nd2 Bc5 11. Ngf3 Nxf3+ 12. Nxf3 Qxe2+ 13. Kxe2 O-O 14. Rd1 Bd7 15. Bg5 Bb5+ 16. Bd3 Ba4 17. b3 Bc6 18. Bxf6 gxf6 19. Nd4 Rfe8+ 20. Kd2 Bxd4 21. cxd4 h6 22. b4 Kf8 23. b5 Bd7 24. Rdc1 Rec8 25. Rc5 Be6 26. Rac1 b6 27. Rc7 Ke8 28. Ke3 Kd8 29. Rxc8+ Rxc8 30. Rxc8+ Bxc8 31. Kf4 Bd7 32. a4 Ke7 33. Bf5 Be6 34. g4 Kf8 35. h4 Kg7 36. Bc2 Kf8 37. Bb1 Ke7 38. Bf5 Kf8 39. g5 fxg5+ 40. hxg5 h5 41. Bc2 h4 42. Ke3 h3 43. Kf3 Kg7 44. Kg3 f6 45. gxf6+ Kxf6 46. Bd3 Bg4 47. Bf1 Bd1 48. Bxh3 Bxa4 49. Bf1 Bc2 50. Kf4 Bg6 51. Be2 Be8 52. Bd3 Bd7 53. Kg3 Kg5 54. f4+ Kf6 55. Kh4 Bc8 56. Be2 Bf5 57. Bf1 Bc2 58. Kg4 Bd1+ 59. Kg3 Bb3 60. Kf3 Bc2 61. Ke3 Bf5 62. Bg2 Bd7 63. Bf1 {[%emt 0:01:43] Ke5 Ke4+} 1/2-1/2

[Event "CZE Extraliga 2019-20"]
[Site "Czech Republic"]
[Date "2020.01.26"]
[Round "6.4"]
[White "NOV10 Bartel Mateusz GM"]
[Black "BSS6 Zwardon Vojtech IM"]
[Result "1-0"]
[ECO "A40"]
[WhiteElo "2621"]
[BlackElo "2471"]
[Annotator "ChessBase"]
[PlyCount "79"]
[EventDate "2019.09.15"]
[EventType "team-tourn"]
[EventCountry "CZE"]
[SourceTitle "playchess.com"]
[Source "ChessBase"]
[SourceQuality "1"]
[TimeControl "40/5400+30:1800+30"]

1. d4 Nf6 2. c4 e6 3. g3 c5 4. d5 exd5 5. cxd5 b5 6. Nf3 Bb7 7. e4 Nxe4 8. Bg2 Be7 9. O-O O-O 10. Re1 f5 11. Nc3 Nxc3 12. bxc3 Bf6 13. Rb1 Bxc3 14. Re3 Bf6 15. Rxb5 Qc8 16. d6 Kh8 17. Rxb7 Qxb7 18. Ng5 Qxg2+ 19. Kxg2 Bxg5 20. Rf3 Bxc1 21. Qxc1 Nc6 22. Qxc5 g6 23. Rb3 Rab8 24. h4 Kg7 25. h5 Rxb3 26. axb3 gxh5 27. b4 a6 28. Qb6 Rf7 29. f4 Kf6 30. Kh3 Ke6 31. Kh4 Rf8 32. Qe3+ Kf6 33. Kxh5 Rb8 34. Kh6 Kf7 35. Qb3+ Kf6 36. Kxh7 Ra8 37. Qc4 Rb8 38. g4 fxg4 39. Qe4 Ra8 40. Qg6# 1-0

[Event "CZE Extraliga 2019-20"]
[Site "Czech Republic"]
[Date "2020.01.26"]
[Round "6.4"]
[White "Heberla, Bartlomiej"]
[Black "Vykouk, Jan"]
[Result "1-0"]
[ECO "E71"]
[WhiteElo "2552"]
[BlackElo "2477"]
[Annotator "ChessBase"]
[PlyCount "73"]
[EventDate "2019.09.15"]
[EventType "team-tourn"]
[EventCountry "CZE"]
[SourceTitle "playchess.com"]
[Source "ChessBase"]
[SourceQuality "1"]
[TimeControl "40/5400+30:1800+30"]

1. d4 Nf6 2. c4 g6 3. Nc3 Bg7 4. e4 d6 5. h3 O-O 6. Be3 c5 7. d5 e6 8. Bd3 exd5 9. exd5 Re8 10. Nf3 Bf5 11. Bxf5 gxf5 12. O-O Ne4 13. Ne2 Qe7 14. Qc2 Nd7 15. Rae1 Rab8 16. Bc1 Ne5 17. Nxe5 Qxe5 18. b3 b5 19. Bf4 Qe7 20. f3 Nf6 21. Ng3 Qxe1 22. Rxe1 Rxe1+ 23. Kf2 Rbe8 24. Nxf5 Nh5 25. Bxd6 Bf6 26. cxb5 Bg5 27. Qc4 Nf6 28. h4 Bd2 29. Qd3 Rd1 30. Qc2 Ree1 31. Ne7+ Kf8 32. Nf5+ Kg8 33. Qb2 Rf1+ 34. Kg3 Be1+ 35. Kh3 Rh1+ 36. Bh2 Bxh4 37. Kxh4 1-0

[Event "CZE Extraliga 2019-20"]
[Site "Czech Republic"]
[Date "2020.01.26"]
[Round "6.4"]
[White "Oral, Tomas"]
[Black "Mazur, Stefan"]
[Result "1/2-1/2"]
[ECO "C78"]
[WhiteElo "2509"]
[BlackElo "2445"]
[Annotator "ChessBase"]
[PlyCount "127"]
[EventDate "2019.09.15"]
[EventType "team-tourn"]
[EventCountry "CZE"]
[SourceTitle "playchess.com"]
[Source "ChessBase"]
[SourceQuality "1"]
[TimeControl "40/5400+30:1800+30"]

1. e4 e5 2. Nf3 Nc6 3. Bb5 a6 4. Ba4 Nf6 5. O-O Bc5 6. c3 O-O 7. d4 Ba7 8. dxe5 Nxe4 9. Qd5 Nc5 10. Bc2 Ne7 11. Qd1 d5 12. exd6 Qxd6 13. Qxd6 cxd6 14. Bg5 f6 15. Bf4 Bf5 16. Na3 Bxc2 17. Nxc2 Nd3 18. Bxd6 Rfe8 19. Ba3 Nc6 20. Rad1 Rad8 21. Rd2 g5 22. Ncd4 Nxd4 23. cxd4 Nf4 24. Rfd1 g4 25. Nh4 Rxd4 26. Rxd4 Bxd4 27. Nf5 Bb6 28. Nh6+ Kg7 29. Nxg4 h5 30. Ne3 Bxe3 31. fxe3 Rxe3 32. Rd7+ Kg6 33. Kf2 Re5 34. Kf3 Ne6 35. Rxb7 Ng5+ 36. Kg3 Re4 37. Rb4 Re6 38. Rd4 Re2 39. h4 Nf7 40. Ra4 Ne5 41. Rxa6 Nd3 42. Kf3 Rc2 43. Be7 Ne1+ 44. Kf4 Rf2+ 45. Ke3 Rf5 46. Rxf6+ Rxf6 47. Bxf6 Kxf6 48. g3 Ke5 49. a4 Nc2+ 50. Kd3 Nd4 51. Kc4 Nf5 52. Kc5 Ke6 53. Kc6 Nd4+ 54. Kb6 Kd7 55. b4 Kc8 56. a5 Kb8 57. b5 Nf5 58. a6 Nxg3 59. a7+ Ka8 60. Kc6 Nf5 61. b6 Ne7+ 62. Kd6 Nc8+ 63. Kc7 Nxb6 64. Kxb6 1/2-1/2